 Dungeon Crawl Stone Soup version 0.29-a0-356-g7bc237e783 (webtiles) character file.

Game seed: 2133403441138501692

5364 croobank the Magician (level 10, -31/74 HPs)
             Began as a Gnoll Fire Elementalist on Apr 26, 2022.
             Was an Initiate of Gozag.
             Annihilated by a boulder beetle (45 damage)
             ... on level 7 of the Dungeon.
             The game lasted 00:38:45 (8935 turns).

croobank the Magician (Gnoll Fire Elementalist)     Turns: 8935, Time: 00:38:52

Health: -31/74     AC:  4    Str:  7    XL:     10   Next: 65%
Magic:  3/21       EV: 17    Int: 25    God:    Gozag
Gold:   370        SH:  0    Dex: 20    Spells: 9/24 levels left

rFire   + . .      SeeInvis .   a - +6 spear of Qazlal's Regard {pain, Will+ Dex+7}
rCold   + + .      Faith    .   n - orb {*channel}
rNeg    . . .      Spirit   .   p - +0 robe
rPois   +          Reflect  .   (no helmet)
rElec   .          Harm     .   (no cloak)
rCorr   .          Rampage  .   M - +1 pair of gloves {infuse}
Will    +....      Archmagi +   (no boots)
Stlth   ++++......              L - amulet "Doany" {rF+ rC++ Regen+}
HPRegen 1.02/turn               u - +6 ring of intelligence
MPRegen 0.17/turn               D - ring of the Mage {Wiz Archmagi}

@: on berserk cooldown, slowed, very slow
A: fangs 1, strong nose, distributed training, poison resistance
a: Renounce Religion, Potion Petition, Call Merchant, Bribe Branch


You were on level 7 of the Dungeon.
You worshipped Gozag.
Gozag was aware of your devotion.
You visited 2 branches of the dungeon, and saw 8 of its levels.

You collected 662 gold pieces.
You spent 178 gold pieces at shops.
You paid 114 gold pieces to Gozag.

Inventory:

Hand Weapons
 a - the +6 spear of Qazlal's Regard (weapon) {pain, Will+ Dex+7}
   (You found it on level 2 of the Dungeon)

   In the hands of one skilled in necromantic magic, it inflicts extra damage on
   living creatures.
   Dex:       It affects your dexterity (+7).
   Will:      It increases your willpower.
 b - a +1 hunting sling
 i - a +1 dagger of venom
 G - a +4 great sword
 K - a +3 short sword
Missiles
 e - 270 stones
 k - 14 poisoned darts
 y - 9 boomerangs
Armour
 l - a +0 ring mail
 n - an orb of energy (worn)
 p - a +0 robe (worn)
 z - a +0 leather armour
 B - a +0 kite shield
 F - an orb of wrath
 I - the +3 plate armour "Noafeb" {rC+}
   (You found it on level 7 of the Dungeon)

   rC:        It protects you from cold.
 M - a +1 pair of gloves of infusion (worn)
 N - a +1 plate armour of fire resistance
Jewellery
 u - a +6 ring of intelligence (left hand)
 x - a ring of fire
 A - the amulet of Jeumeocu {Acrobat Rampage rC+}
   (You acquired it on level 6 of the Dungeon)

   [amulet of the acrobat]

   It increases your evasion while moving and waiting.
   rC:        It protects you from cold.
   Rampage:   It bestows one free step when moving towards enemies.
 D - the ring of the Mage (right hand) {Wiz Archmagi}
   (You found it on level 4 of the Dungeon)

   [ring of wizardry]

   It improves your spell success rate.
   Archmagi:  It increases the power of your magical spells.
 L - the amulet "Doany" (around neck) {rF+ rC++ Regen+}
   (You found it on level 5 of the Dungeon)

   [amulet of regeneration]

   rF:        It protects you from fire.
   rC:        It greatly protects you from cold.
   Regen:     It increases your rate of health regeneration.
Wands
 R - a wand of paralysis (10)
Scrolls
 f - 5 scrolls of teleportation
 j - 3 scrolls of fear
 t - 3 scrolls of blinking
 w - a scroll of magic mapping
 C - a scroll of identify
 J - a scroll of fog
Potions
 c - a potion of flight
 d - a potion of ambrosia
 g - 2 potions of attraction
 h - 3 potions of brilliance
 m - 2 potions of mutation
 o - 2 potions of heal wounds
 q - a potion of berserk rage
 r - 2 potions of curing
 s - a potion of magic
 v - a potion of invisibility
 E - 2 potions of resistance
 H - a potion of haste {unknown}
 O - 2 potions of might
 P - 4 potions of lignification {unknown}


   Skills:
 + Level 5.5 Fighting
 + Level 5.5 Short Blades
 + Level 5.5 Long Blades
 + Level 5.5 Axes
 + Level 5.5 Maces & Flails
 + Level 5.5 Polearms
 + Level 5.5 Staves
 + Level 5.5 Slings
 + Level 5.5 Bows
 + Level 5.5 Crossbows
 + Level 5.5 Throwing
 + Level 5.5 Armour
 + Level 7.2 Dodging
 + Level 7.0 Stealth
 + Level 5.5 Shields
 + Level 5.5 Unarmed Combat
 + Level 7.5 Spellcasting
 + Level 5.1 Conjurations
 + Level 4.5 Hexes
 + Level 4.5 Summonings
 + Level 4.5 Necromancy
 + Level 4.5 Translocations
 + Level 4.5 Transmutations
 + Level 7.2 Fire Magic
 + Level 4.5 Ice Magic
 + Level 4.5 Air Magic
 + Level 4.5 Earth Magic
 + Level 4.5 Poison Magic
 + Level 6.0 Invocations
 + Level 5.5 Evocations


You had 9 spell levels left.
You knew the following spells:

 Your Spells              Type           Power      Damage    Failure   Level
a - Foxfire               Conj/Fire      100%       2x1d9     1%          1
b - Scorch                Fire           100%       2d10      1%          2
c - Flame Wave            Conj/Fire      57%        2d11      1%          4
d - Stone Arrow           Conj/Erth      100%       3d13      1%          3
e - Passwall              Tmut/Erth      40%        N/A       1%          2
f - Mephitic Cloud        Conj/Pois/Air  49%        N/A       1%          3

Your spell library contained the following spells:

 Spells                   Type           Power      Damage    Failure   Level
 Magic Dart               Conj           100%       1d8       1%          1
 Sandblast                Erth           96%        2d20      1%          1
 Call Imp                 Summ           48%        N/A       1%          2
 Conjure Flame            Conj/Fire      57%        6-21      1%          3
 Inner Flame              Hex/Fire       55%        N/A       1%          3


Dungeon Overview and Level Annotations

Branches:
Dungeon (7/15)             Temple (1/1) D:6

Altars:
Ashenzari
Cheibriados
Dithmenos
Elyvilon
Fedhas
Gozag
Hepliaklqana
Kikubaaqudgha
Makhleb
Nemelex Xobeh
Qazlal
Ru
Sif Muna
Trog
Uskayaw
Wu Jian
Xom
Yredelemnul
The Shining One

Shops:
D:2 :*   D:3 :!*![

Annotations:
D:7 1 runed translucent door


Innate Abilities, Weirdness & Mutations

You have very sharp teeth.
Your uncanny sense of smell can sniff out nearby items.
Your experience applies equally to all skills.
Your system is resistant to poisons. (rPois)


Message History

Flames lash the boulder beetle but do no damage.
The boulder beetle bites you!!
A red film seems to cover your vision as you go berserk!
You feel yourself moving faster!
You feel mighty! The boulder beetle bites you!!
You are too berserk!
You puncture the boulder beetle!
The boulder beetle writhes in agony.
The boulder beetle is heavily wounded.
The boulder beetle bites you!!
* * * LOW HITPOINT WARNING * * *
You are too berserk!
Unknown command.
You hit the boulder beetle but do no damage.
You bite the boulder beetle, but do no damage.
The boulder beetle is heavily wounded.
You are too berserk!
You are too berserk!
You are too injured to fight recklessly!
Unknown command.
You feel a strong urge to attack something.
You see here a +0 morningstar.
You are too berserk!
You feel your anger nearly subside.
You are no longer berserk.
You are exhausted.
You feel yourself slow down.
The boulder beetle curls into a ball and begins rolling!
Casting: Scorch (safe; 1% risk of failure)
Confirm with . or Enter, or press ? or * to list all spells.
Okay, then.
Casting: Scorch (safe; 1% risk of failure)
Confirm with . or Enter, or press ? or * to list all spells.
Aiming: Passwall (safe; 1% risk of failure)
Press: ? - help, Dir - move target, p - boulder beetle A rock wall.
You feel a surge of power!
You begin to meditate on the wall.
You continue meditating on the rock.
The boulder beetle hits you!!!
Ouch! That really hurt!
You die...
Your body crumbles into a pile of gold.

.###.#..#....<.[).#.#.#.####.# #
.# #.##.#.#######)#.#.#.#....# ##
##.#...#.......#.#.#......# #
#.##..........#.#.###...## #
##.#..#...........# #...# ###
#.##.....##.##.#.# #[..#
..#########...#.....#.# #...#
......##..###.).#####.###...#
#####...##..###.@B###....####
#....#..)###..###.°)#......#
..[).#)....###..###°.......#
..#..#.#B....+.....##..#...#
[.)..#.#...###..###....#...#
#)..##.#.###..###......#...######
#####..###..###......###...##....
......##..###...##.### #...##.###
###...#####...#....# #...##.#


You could see a boulder beetle (rolling).

Vanquished Creatures
  A hydra (D:7)
  A two-headed ogre (D:7)
  A deep elf pyromancer (D:7)
  A manticore (D:6)
  A gargoyle (D:7)
  A slime creature (D:7)
  A vampire mosquito (D:7)
  2 steam dragons
  4 water moccasins
  A sky beast (D:7)
  An ice beast (D:6)
  An orc warrior (D:6)
  An ogre (D:5)
  A phantom (D:7)
  2 bullfrogs (D:7)
  A necrophage (D:6)
  4 scorpions
  4 wights (D:7)
  4 howler monkeys
  2 hounds
  3 jellies
  2 orc priests (D:6)
  A gnoll shaman (D:4)
  Jessica (D:2)
  5 iguanas
  7 orc wizards
  4 gnolls (D:4)
  7 adders
  A shadow imp (D:6)
  4 white imps
  2 ufetubi
  2 dart slugs
  21 orcs
  6 ball pythons
  6 bats
  12 endoplasms
  5 giant cockroaches
  8 goblins
  7 hobgoblins
  14 jackals
  5 frilled lizards
  5 kobolds
  7 rats
170 creatures vanquished.

Vanquished Creatures (others)
  195 foxfires
195 creatures vanquished.

Grand Total: 365 creatures vanquished

Notes
Turn   | Place    | Note
-------+----------+-------------------------------------------
     0 | D:1      | croobank the Gnoll Fire Elementalist began the quest for
                  | the Orb.
     0 | D:1      | Reached XP level 1. HP: 13/13 MP: 6/6
   308 | D:1      | Reached XP level 2. HP: 19/19 MP: 5/7
   385 | D:1      | Learned a level 2 spell: Scorch
   480 | D:1      | Found a faded altar of an unknown god.
   606 | D:1      | Reached XP level 3. HP: 25/25 MP: 6/9
   722 | D:1      | Reached skill level 5 in Spellcasting
  1549 | D:2      | Found Pupt's Book Shop.
  1613 | D:2      | Reached skill level 1 in Invocations
  1685 | D:2      | Identified the +6 spear of Qazlal's Regard {pain, Will+
                  | Dex+7}
  1715 | D:2      | Noticed Jessica
  1725 | D:2      | Killed Jessica
  1726 | D:2      | Reached skill level 1 in Fighting
  1726 | D:2      | Reached skill level 1 in Short Blades
  1726 | D:2      | Reached skill level 1 in Long Blades
  1726 | D:2      | Reached skill level 1 in Axes
  1726 | D:2      | Reached skill level 1 in Maces & Flails
  1726 | D:2      | Reached skill level 1 in Polearms
  1726 | D:2      | Reached skill level 1 in Staves
  1726 | D:2      | Reached skill level 1 in Slings
  1726 | D:2      | Reached skill level 1 in Bows
  1726 | D:2      | Reached skill level 1 in Crossbows
  1726 | D:2      | Reached skill level 1 in Throwing
  1726 | D:2      | Reached skill level 1 in Armour
  1726 | D:2      | Reached skill level 1 in Shields
  1726 | D:2      | Reached skill level 1 in Unarmed Combat
  1726 | D:2      | Reached skill level 1 in Evocations
  1726 | D:2      | Reached XP level 4. HP: 19/32 MP: 9/11
  2020 | D:2      | Found Jymm's General Store.
  2028 | D:2      | Bought a scroll of blinking for 75 gold pieces
  2028 | D:2      | Bought a scroll of identify for 20 gold pieces
  2310 | D:3      | Reached skill level 1 in Hexes
  2310 | D:3      | Reached skill level 1 in Summonings
  2310 | D:3      | Reached skill level 1 in Necromancy
  2310 | D:3      | Reached skill level 1 in Translocations
  2310 | D:3      | Reached skill level 1 in Transmutations
  2310 | D:3      | Reached skill level 1 in Ice Magic
  2310 | D:3      | Reached skill level 1 in Air Magic
  2310 | D:3      | Reached skill level 1 in Earth Magic
  2310 | D:3      | Reached skill level 1 in Poison Magic
  2584 | D:3      | Found Xydula's Book Emporium.
  2593 | D:3      | Learned a level 4 spell: Flame Wave
  2829 | D:3      | Found Nusicis's Distillery.
  2832 | D:3      | Reached XP level 5. HP: 37/37 MP: 12/12
  2836 | D:3      | Learned a level 3 spell: Stone Arrow
  2860 | D:3      | Found Paozxas's Distillery.
  2865 | D:3      | Bought a potion of heal wounds for 55 gold pieces
  2878 | D:3      | Found Fipyneyfij's Antique Armour Boutique.
  2957 | D:3      | Found Ypawess's General Store.
  2971 | D:3      | Bought a scroll of identify for 28 gold pieces
  3425 | D:4      | Found the ring of the Mage {Wiz Archmagi}
  3435 | D:4      | Reached XP level 6. HP: 43/44 MP: 10/13
  3484 | D:4      | Learned a level 2 spell: Passwall
  3645 | D:4      | Reached skill level 5 in Dodging
  3804 | D:4      | Found a broken altar of Ashenzari.
  4165 | D:4      | Noticed a steam dragon
  4180 | D:4      | Killed a steam dragon
  4181 | D:4      | Reached XP level 7. HP: 33/50 MP: 7/15
  4630 | D:4      | Learned a level 3 spell: Mephitic Cloud
  4809 | D:5      | Entered Level 5 of the Dungeon
  5033 | D:5      | Reached skill level 5 in Stealth
  5116 | D:5      | Gained mutation: Your system is resistant to poisons.
                  | (rPois) [potion of mutation]
  5124 | D:5      | Reached XP level 8. HP: 51/57 MP: 12/16
  5269 | D:5      | Identified the amulet "Doany" {rF+ rC++ Regen+}
  5273 | D:5      | Found a sacrificial altar of Ru.
  5483 | D:5      | Found a shadowy altar of Dithmenos.
  5985 | D:6      | Identified a scroll of acquirement
  5985 | D:6      | Acquired the amulet of Jeumeocu {Acrobat Rampage rC+}
  6056 | D:6      | Found a staircase to the Ecumenical Temple.
  6090 | D:6      | Found a shimmering altar of Xom.
  6900 | D:6      | Noticed a manticore
  6910 | D:6      | Killed a manticore
  6911 | D:6      | Reached XP level 9. HP: 39/65 MP: 7/18
  7105 | Temple   | Entered the Ecumenical Temple
  7189 | Temple   | Became a worshipper of Gozag Ym Sagoz the Greedy
  7480 | D:7      | Noticed a two-headed ogre
  7576 | D:7      | Identified the +0 robe of Rationality {Str+6 Stlth-}
  7576 | D:7      | Noticed a deep elf pyromancer
  7693 | D:7      | Killed a two-headed ogre
  7694 | D:7      | Reached skill level 5 in Invocations
  7694 | D:7      | Reached XP level 10. HP: 73/73 MP: 2/20
  7978 | D:7      | Noticed a gargoyle
  8008 | D:7      | Reached skill level 5 in Fighting
  8008 | D:7      | Reached skill level 5 in Short Blades
  8008 | D:7      | Reached skill level 5 in Long Blades
  8008 | D:7      | Reached skill level 5 in Axes
  8008 | D:7      | Reached skill level 5 in Maces & Flails
  8008 | D:7      | Reached skill level 5 in Polearms
  8008 | D:7      | Reached skill level 5 in Staves
  8008 | D:7      | Reached skill level 5 in Slings
  8008 | D:7      | Reached skill level 5 in Bows
  8008 | D:7      | Reached skill level 5 in Crossbows
  8008 | D:7      | Reached skill level 5 in Throwing
  8008 | D:7      | Reached skill level 5 in Armour
  8008 | D:7      | Reached skill level 5 in Shields
  8008 | D:7      | Reached skill level 5 in Unarmed Combat
  8008 | D:7      | Reached skill level 5 in Evocations
  8086 | D:7      | Noticed a four-headed hydra
  8093 | D:7      | Killed a four-headed hydra
  8200 | D:7      | Killed a gargoyle
  8252 | D:7      | Killed a deep elf pyromancer
  8253 | D:7      | Reached skill level 5 in Conjurations
  8332 | D:7      | Found a runed translucent door.
  8362 | D:7      | Identified the +3 plate armour "Noafeb" {rC+}
  8541 | D:7      | Noticed a boulder beetle
  8935 | D:7      | Annihilated by a boulder beetle

Illustrated notes

Levels and vault maps discovered:
D:1:      psy_arrival_radial02, layout_basic, ebering_ecumenical_altar_box
D:2:      layout_rooms, serial_shops, nicolae_shop_hallway_stairs, shop,
          kennysheep_generic_room_13, uniq_jessica
D:3:      layout_basic, serial_shops, shop, shop, shop, shop, shop
D:4:      minmay_recursive_quarters, layout_loops_corners,
          ashenzari_conservatory_becter,
          hangedman_abyss_or_decor_jellyfish_corner
D:5:      layout_loops_ring, mainiacjoe_overflow_alcove_4,
          mainiacjoe_overflow_concentric_impassable
D:6:      layout_cave_pods, mainiacjoe_overflow_catwalk, temple_doors_cd,
          minmay_misc_feat_alley, minmay_between
D:7:      minmay_the_grid_four_pointed_star
          [minmay_the_grid_triangle_9x9_thin_v,
          minmay_the_grid_triangle_9x9_corrupted_corridor,
          minmay_the_grid_triangle_9x9_longest,
          minmay_the_grid_triangle_9x9_subtriangle,
          minmay_the_grid_prize_inner_circle], layout_basic
Temple:   lightli_temple_of_artemis

Skill      XL: |  1  2  3  4  5  6  7  8  9 10 |
---------------+-------------------------------+-----
Conjurations   | 2 3 4 5 |  5.1
Spellcasting   | 5 6 7 |  7.5
Invocations    | 1 2 3 4 5 6 |  6.0
Fighting       | 1 2 4 5 |  5.5
Short Blades   | 1 2 4 5 |  5.5
Long Blades    | 1 2 4 5 |  5.5
Axes           | 1 2 4 5 |  5.5
Maces & Flails | 1 2 4 5 |  5.5
Polearms       | 1 2 4 5 |  5.5
Staves         | 1 2 4 5 |  5.5
Slings         | 1 2 4 5 |  5.5
Bows           | 1 2 4 5 |  5.5
Crossbows      | 1 2 4 5 |  5.5
Throwing       | 1 2 4 5 |  5.5
Armour         | 1 2 4 5 |  5.5
Shields        | 1 2 4 5 |  5.5
Unarmed Combat | 1 2 4 5 |  5.5
Evocations     | 1 2 4 5 |  5.5
Hexes          | 1 2 3 4 |  4.5
Summonings     | 1 2 3 4 |  4.5
Necromancy     | 1 2 3 4 |  4.5
Translocations | 1 2 3 4 |  4.5
Transmutations | 1 2 3 4 |  4.5
Ice Magic      | 1 2 3 4 |  4.5
Air Magic      | 1 2 3 4 |  4.5
Earth Magic    | 1 2 3 4 |  4.5
Poison Magic   | 1 2 3 4 |  4.5
Dodging        | 5 6 7 |  7.2
Stealth        | 5 6 7 |  7.0
Fire Magic     | 6 7 |  7.2

Action                   |  1- 3 |  4- 6 |  7- 9 | 10-12 || total
-------------------------+-------+-------+-------+-------++-------
Melee: Unarmed           |     6 |       |       |       ||     6
       Flail             |    12 |       |       |       ||    12
       Bite              |     1 |     3 |     6 |     1 ||    11
       Spear             |     4 |    72 |    77 |    12 ||   165
       Dagger            |     3 |       |       |       ||     3
 Cast: Foxfire           |    42 |    23 |    42 |     6 ||   113
       Scorch            |     1 |    11 |    54 |    29 ||    95
       Flame Wave        |       |     3 |     3 |     1 ||     7
       Mephitic Cloud    |       |       |     1 |     1 ||     2
       Stone Arrow       |       |       |       |     9 ||     9
       Passwall          |       |       |       |     1 ||     1
  Use: Scroll            |     4 |     2 |     3 |     8 ||    17
       Potion            |       |       |     4 |     1 ||     5
 Stab: Sleeping          |     1 |    15 |     1 |       ||    17
Armor: Robe              |     7 |     8 |     8 |     4 ||    27
Dodge: Dodged            |    21 |    31 |    58 |    16 ||   126

Table legend: (Time is in decaauts)
 A = Elapsed time spent in this place.
 B = Non-inter-level travel time spent in this place.
 C = Inter-level travel time spent in this place.
 D = Time resting spent in this place.
 E = Time spent auto-exploring this place.
 F = Levels seen in this place.
 G = Mean time per level.
                   A        B        C        D        E       F      G
               +--------+--------+--------+--------+--------+-----+--------+
         Total |   8938 |   8491 |    447 |   1295 |   5509 |   8 | 1117.2 |
       Dungeon |   8839 |   8406 |    433 |   1295 |   5436 |   7 | 1262.7 |
        Temple |     98 |     84 |     14 |      0 |     73 |   1 |   98.0 |
               +--------+--------+--------+--------+--------+-----+--------+

Top non-repeatable levels by time:
     D:4: 1681 daAuts
     D:1: 1552 daAuts
     D:6: 1483 daAuts
     D:7: 1468 daAuts
     D:5: 1077 daAuts
     D:3: 935 daAuts
     D:2: 641 daAuts
  Temple: 98 daAuts
